 Dungeon Crawl Stone Soup version 0.22-a0-231-g1b571ea (webtiles) character file.

49669 wolfsongas the Cleaver (level 14, -5/108 HPs)
             Began as a Gnoll Wanderer on Feb 21, 2018.
             Was an Initiate of Gozag.
             Slain by a dire elephant (16 damage)
             ... on level 6 of the Lair of Beasts.
             The game lasted 00:33:13 (19771 turns).

wolfsongas the Cleaver (Gnoll Wanderer)            Turns: 19771, Time: 00:33:14

Health: -5/108     AC: 27    Str: 22    XL:     14   Next: 51%
Magic:  27/27      EV: 17    Int: 14    God:    Gozag
Gold:   3328       SH: 13    Dex: 21    Spells: 31/31 levels left

rFire    + . .     SeeInvis .   H - +3 broad axe (flame)
rCold    x . .     Gourm    .   B - +0 shield
rNeg     + . .     Faith    .   r - +4 plate armour
rPois    +         Spirit   .   u - +0 helmet
rElec    .         Reflect  .   F - +1 cloak of Cloud Cover {rF+ rC- rN+ rCorr}
rCorr    +         Harm     .   m - +0 pair of gloves
MR       +....                  (no boots)
Stlth    +.........             K - amulet of Vuobicuz {+Rage Str+3}
HPRegen  0.28/turn              v - ring of poison resistance
MPRegen  0.20/turn              e - +3 ring of protection

@: agile, gold aura, invisible
A: distributed training, fangs 1, strong nose
a: Potion Petition, Call Merchant, Bribe Branch, Renounce Religion, Evoke
Berserk Rage


You were on level 6 of the Lair of Beasts.
You worshipped Gozag.
Gozag was most pleased with you.
You were not hungry.

You visited 3 branches of the dungeon, and saw 18 of its levels.

You collected 4432 gold pieces.
You spent 435 gold pieces at shops.
You paid 669 gold pieces to Gozag.

Inventory:

Hand Weapons
 H - a +3 broad axe of flaming (weapon)
Armour
 m - a +0 pair of gloves (worn)
 r - a +4 plate armour (worn)
 u - a +0 helmet (worn)
 B - a +0 shield (worn)
 F - the +1 cloak of Cloud Cover (worn) {rF+ rC- rN+ rCorr}
   (You found it on level 11 of the Dungeon)

   It protects you from fire.
   It makes you vulnerable to cold.
   It protects you from negative energy.
   It protects you from acid and corrosion.
Jewellery
 d - a +6 ring of dexterity
 e - a +3 ring of protection (right hand)
 v - a ring of poison resistance (left hand)
 D - a +3 ring of slaying
 K - the amulet of Vuobicuz (around neck) {+Rage Str+3}
   (You found it on level 3 of the Lair of Beasts)

   [amulet of rage]

   It affects your strength (+3).
   It lets you go berserk.
Wands
 h - a wand of disintegration (13)
 j - a wand of scattershot (5)
 k - a wand of iceblast (56)
 q - a wand of flame (73)
 C - a wand of digging (10)
 G - a wand of acid (4)
Scrolls
 i - 2 scrolls of amnesia
 n - 2 scrolls of fear
 p - 7 scrolls of remove curse
 w - 7 scrolls of teleportation
 y - a scroll of fog
 E - 3 scrolls of magic mapping
Potions
 a - a potion of berserk rage {unknown}
 b - 12 potions of curing
 c - a potion of lignification
 g - 2 potions of agility
 l - a potion of invisibility
 o - 4 potions of brilliance
 s - 2 potions of flight
 x - a potion of heal wounds
 z - a potion of resistance
Comestibles
 f - 28 rations


   Skills:
 + Level 9.5 Fighting
 + Level 9.1 Short Blades
 + Level 9.1 Long Blades
 + Level 13.3 Axes
 + Level 9.1 Maces & Flails
 + Level 9.1 Polearms
 + Level 9.1 Staves
 + Level 9.1 Slings
 + Level 9.1 Bows
 + Level 9.1 Crossbows
 + Level 9.1 Throwing
 + Level 10.2 Armour
 + Level 9.1 Dodging
 + Level 9.4 Stealth
 + Level 9.5 Shields
 + Level 9.1 Unarmed Combat
 + Level 9.1 Spellcasting
 + Level 7.6 Conjurations
 + Level 7.6 Hexes
 + Level 7.6 Charms
 + Level 7.6 Summonings
 + Level 7.6 Necromancy
 + Level 7.6 Translocations
 + Level 7.6 Transmutations
 + Level 7.6 Fire Magic
 + Level 7.6 Ice Magic
 + Level 7.6 Air Magic
 + Level 7.6 Earth Magic
 + Level 7.6 Poison Magic
 + Level 9.9 Invocations
 + Level 9.1 Evocations


You had 31 spell levels left.
You didn't know any spells.

Dungeon Overview and Level Annotations

Branches:
Dungeon (11/15)            Temple (1/1) D:5            Lair (6/6) D:9
 Shoals (0/4) Lair:3       Spider (0/4) Lair:4        Slime (0/5) Lair:5
    Orc (0/2) D:9

Altars:
Ashenzari
Cheibriados
Dithmenos
Elyvilon
Fedhas
Gozag
Kikubaaqudgha
Makhleb
Okawaru
Qazlal
Ru
Sif Muna
Trog
Uskayaw
Vehumet
Wu Jian
Yredelemnul
Zin
The Shining One
Jiyva

Shops:
Lair:1 (

Annotations:
Lair:6 exclusion: 3 oklob plants


Innate Abilities, Weirdness & Mutations

Your experience applies equally to all skills.
You have very sharp teeth.
Your uncanny sense of smell can sniff out nearby items.


Message History

You hit the dire elephant. You burn the dire elephant.
The dire elephant tramples you!!
You stumble backwards!
You hit the dire elephant. You burn the dire elephant.
The dire elephant is severely wounded.
You slash the dire elephant! You burn the dire elephant.
You block the dire elephant's attack. x2; The dire elephant tramples you!!
You hold your ground!
The dire elephant trunk-slaps you.
You hit the dire elephant. You burn the dire elephant.
The dire elephant is severely wounded.
You hit the dire elephant but do no damage.
The dire elephant tramples you!
* * * LOW HITPOINT WARNING * * *
You hold your ground!
You block the dire elephant's attack.
You fade into invisibility!
The dire elephant tramples you!!
* * * LOW HITPOINT WARNING * * *
You hold your ground!
You block the dire elephant's attack. The dire elephant tramples you!
You die...
Your body crumbles into a pile of gold.

####### ###..##.# ## ##.......###
.# ♣..........## .#
♣8♣##.#......# .#♣|♣
###'##''######### #### .#♣♣
#8.8#...@8##.≈≈##...%## .#
#...#.P)YY'..≈≈≈'...[)# .#
#.#.####.8#.≈≈≈≈'...?[# .#
######'#...P####.≈≈≈≈#...=## .#
#P.....####....#≈≈≈≈.###### ∆ .#
#......# ####.###≈.###8.8## .#
#..P...##♣♣♣##P..#####8.⌠.8###
.##########♣....###..............
..######♣♣.......♣########'''####


You could see 2 dire elephants.

Vanquished Creatures
  Gastronok (Lair:1)
  2 hydras
  An anaconda (Lair:6)
  A two-headed ogre (D:11)
  Erica (D:9)
  Urug (Lair:4)
  Nergalle (Lair:3)
  3 unseen horrors (D:10)
  The ghost of Avonyel the Vexing, a novice GnAM of Ashenzari (D:8)
  Pikel (D:9)
  A cyclops (D:10)
  A wolf spider (Lair:5)
  An ugly thing (D:11)
  A centaur zombie (D:10)
  Joseph (D:9)
  Psyche (D:9)
  23 elephants
  A black mamba (Lair:6)
  A torpor snail (Lair:6)
  2 gargoyles (D:11)
  18 spiny frogs
  7 komodo dragons
  3 rime drakes
  2 trolls
  3 polar bears (Lair:3)
  A hornet (D:11)
  24 blink frogs
  2 slime creatures (D:11)
  8 hippogriffs
  A snapping turtle (Lair:3)
  3 dream sheep (Lair:6)
  A spriggan (D:7)
  29 yaks
  A wyvern (Lair:2)
  4 basilisks
  A steam dragon (D:11)
  A wraith (D:11)
  A hungry ghost (D:8)
  7 water moccasins
  10 porcupines
  3 black bears
  7 orc warriors
  2 ice beasts
  A slave (D:9)
  An eye of draining (D:9)
  A necrophage (D:9)
  2 phantoms
  3 sky beasts
  13 ogres
  5 centaurs
  6 wolves (Lair:3)
  6 crocodiles
  3 big kobolds (D:9)
  10 bullfrogs
  6 gnoll sergeants (D:9)
  4 scorpions
  5 wights (D:6)
  2 electric eels (Lair:4)
  A howler monkey (D:8)
  2 crimson imps
  3 hounds
  9 orc priests
  2 jellies
  A centaur skeleton (D:4)
  3 bullfrog skeletons
  8 orc wizards
  Terence (D:2)
  An iguana (D:5)
  5 worker ants
  A hound skeleton (D:8)
  8 gnolls
  7 adders
  2 shadow imps
  2 oozes
  2 adder zombies
  2 worms (D:2)
  3 dart slugs
  11 leopard geckos
  51 orcs
  6 giant cockroaches
  11 goblins
  7 hobgoblins
  5 jackals
  4 quokkas
  3 ball pythons
  4 bats
  9 frilled lizards
  4 kobolds
  A quokka zombie (D:9)
  8 rats
  3 fungi
  14 plants
457 creatures vanquished.

Vanquished Creatures (others)
  11 fungi
  10 plants
21 creatures vanquished.

Grand Total: 478 creatures vanquished

Notes
Turn   | Place    | Note
-------+----------+-------------------------------------------
     0 | D:1      | Reached skill level 10 in Axes
     0 | D:1      | wolfsongas the Gnoll Wanderer began the quest for the Orb.
     0 | D:1      | wolfsongas set off with: a +2 hand axe, a potion of curing, a potion of lignification, a +0 robe, a ration
     0 | D:1      | Reached XP level 1. HP: 17/17 MP: 1/1
    94 | D:1      | Reached XP level 2. HP: 21/23 MP: 2/2
   364 | D:1      | Reached XP level 3. HP: 28/28 MP: 3/3
  1034 | D:2      | Noticed Terence
  1043 | D:2      | Killed Terence
  1043 | D:2      | Reached skill level 1 in Short Blades
  1043 | D:2      | Reached skill level 1 in Long Blades
  1043 | D:2      | Reached skill level 1 in Maces & Flails
  1043 | D:2      | Reached skill level 1 in Polearms
  1043 | D:2      | Reached skill level 1 in Staves
  1043 | D:2      | Reached skill level 1 in Slings
  1043 | D:2      | Reached skill level 1 in Bows
  1043 | D:2      | Reached skill level 1 in Crossbows
  1043 | D:2      | Reached skill level 1 in Throwing
  1043 | D:2      | Reached skill level 1 in Dodging
  1043 | D:2      | Reached skill level 1 in Unarmed Combat
  1043 | D:2      | Reached skill level 1 in Spellcasting
  1043 | D:2      | Reached skill level 1 in Invocations
  1043 | D:2      | Reached skill level 1 in Evocations
  1043 | D:2      | Reached XP level 4. HP: 19/34 MP: 3/5
  1068 | D:2      | Found a glowing golden altar of the Shining One.
  1069 | D:2      | Found an ancient bone altar of Kikubaaqudgha.
  1754 | D:3      | Reached skill level 1 in Conjurations
  1754 | D:3      | Reached skill level 1 in Hexes
  1754 | D:3      | Reached skill level 1 in Charms
  1754 | D:3      | Reached skill level 1 in Summonings
  1754 | D:3      | Reached skill level 1 in Necromancy
  1754 | D:3      | Reached skill level 1 in Translocations
  1754 | D:3      | Reached skill level 1 in Transmutations
  1754 | D:3      | Reached skill level 1 in Fire Magic
  1754 | D:3      | Reached skill level 1 in Ice Magic
  1754 | D:3      | Reached skill level 1 in Air Magic
  1754 | D:3      | Reached skill level 1 in Earth Magic
  1754 | D:3      | Reached skill level 1 in Poison Magic
  1756 | D:3      | Noticed an ogre
  1772 | D:2      | Killed an ogre
  1772 | D:2      | Reached XP level 5. HP: 32/41 MP: 5/7
  2139 | D:3      | Found an ornate altar of the Wu Jian Council.
  2179 | D:3      | Reached XP level 6. HP: 47/47 MP: 8/8
  2729 | D:4      | Noticed a phantom
  2757 | D:4      | Found a shattered altar of Ashenzari.
  2785 | D:4      | Killed a phantom
  2785 | D:4      | Reached skill level 5 in Armour
  3050 | D:4      | Reached XP level 7. HP: 52/52 MP: 10/10
  3728 | D:5      | Entered Level 5 of the Dungeon
  3941 | D:5      | Found a basalt altar of Yredelemnul.
  4243 | D:5      | Found a radiant altar of Vehumet.
  4358 | D:5      | Reached XP level 8. HP: 60/60 MP: 12/12
  4650 | D:5      | Found a staircase to the Ecumenical Temple.
  4667 | Temple   | Entered the Ecumenical Temple
  4671 | Temple   | Became a worshipper of Gozag Ym Sagoz the Greedy
  5660 | D:6      | Found a glowing silver altar of Zin.
  5804 | D:7      | Found a sacrificial altar of Ru.
  5885 | D:7      | Reached skill level 11 in Axes
  5885 | D:7      | Reached XP level 9. HP: 64/66 MP: 14/14
  6172 | D:7      | Found a stormy altar of Qazlal.
  6983 | D:8      | Reached skill level 5 in Fighting
  6983 | D:8      | Reached skill level 5 in Shields
  6995 | D:8      | Reached skill level 5 in Stealth
  7302 | D:8      | Reached skill level 5 in Invocations
  7408 | D:8      | Noticed Avonyel's ghost (novice GnAM)
  7429 | D:8      | Reached XP level 10. HP: 64/74 MP: 15/17
  7430 | D:8      | Killed Avonyel's ghost
  7503 | D:8      | Reached skill level 5 in Short Blades
  7503 | D:8      | Reached skill level 5 in Long Blades
  7503 | D:8      | Reached skill level 5 in Maces & Flails
  7503 | D:8      | Reached skill level 5 in Polearms
  7503 | D:8      | Reached skill level 5 in Staves
  7503 | D:8      | Reached skill level 5 in Slings
  7503 | D:8      | Reached skill level 5 in Bows
  7503 | D:8      | Reached skill level 5 in Crossbows
  7503 | D:8      | Reached skill level 5 in Throwing
  7503 | D:8      | Reached skill level 5 in Dodging
  7503 | D:8      | Reached skill level 5 in Unarmed Combat
  7503 | D:8      | Reached skill level 5 in Spellcasting
  7503 | D:8      | Reached skill level 5 in Evocations
  7593 | D:8      | Found a blossoming altar of Fedhas.
  8140 | D:9      | Noticed Erica
  8153 | D:9      | Killed Erica
  8173 | D:9      | Found a staircase to the Lair.
  8528 | D:9      | Noticed Joseph
  8541 | D:9      | Killed Joseph
  8703 | D:9      | Found a bloodstained altar of Trog.
  8967 | D:9      | Noticed Psyche
  8979 | D:9      | Killed Psyche
  8979 | D:9      | Reached XP level 11. HP: 82/82 MP: 19/19
  9001 | D:9      | Noticed Pikel
  9007 | D:9      | Killed Pikel
  9310 | D:9      | Found a staircase to the Orcish Mines.
  9337 | D:9      | Reached skill level 5 in Conjurations
  9337 | D:9      | Reached skill level 5 in Hexes
  9337 | D:9      | Reached skill level 5 in Charms
  9337 | D:9      | Reached skill level 5 in Summonings
  9337 | D:9      | Reached skill level 5 in Necromancy
  9337 | D:9      | Reached skill level 5 in Translocations
  9337 | D:9      | Reached skill level 5 in Transmutations
  9337 | D:9      | Reached skill level 5 in Fire Magic
  9337 | D:9      | Reached skill level 5 in Ice Magic
  9337 | D:9      | Reached skill level 5 in Air Magic
  9337 | D:9      | Reached skill level 5 in Earth Magic
  9337 | D:9      | Reached skill level 5 in Poison Magic
  9415 | D:9      | Found a hide-covered altar of Uskayaw.
  9498 | D:10     | Entered Level 10 of the Dungeon
  9560 | D:10     | Killed an unseen horror
 10036 | D:10     | Killed an unseen horror
 10083 | D:10     | Reached skill level 12 in Axes
 10480 | D:10     | Killed an unseen horror
 10750 | D:10     | Noticed a cyclops
 10766 | D:10     | Killed a cyclops
 10766 | D:10     | Reached XP level 12. HP: 52/91 MP: 22/22
 11638 | D:11     | Noticed a two-headed ogre
 11649 | D:11     | Killed a two-headed ogre
 11748 | D:11     | Got a dazzling cloak
 11759 | D:11     | Identified the +1 cloak of Cloud Cover {rF+ rC- rN+ rCorr} (You found it on level 11 of the Dungeon)
 12336 | Lair:1   | Entered Level 1 of the Lair of Beasts
 12348 | Lair:1   | Bought a +3 broad axe of flaming for 435 gold pieces
 12357 | Lair:1   | Noticed Gastronok
 12376 | Lair:1   | Killed Gastronok
 12643 | Lair:1   | Noticed a four-headed hydra
 12654 | Lair:1   | Killed a one-headed hydra
 13461 | Lair:2   | Reached XP level 13. HP: 57/98 MP: 24/24
 15328 | Lair:3   | Got a sparkling zirconium amulet
 15374 | Lair:3   | Identified the amulet of Vuobicuz {+Rage Str+3} (You found it on level 3 of the Lair of Beasts)
 15468 | Lair:3   | Noticed Nergalle
 15484 | Lair:3   | Killed Nergalle
 15775 | Lair:3   | Found a staircase to the Shoals.
 16480 | Lair:4   | Found a hole to the Spider Nest.
 16556 | Lair:4   | Reached skill level 13 in Axes
 16619 | Lair:4   | Noticed Urug
 16639 | Lair:4   | Killed Urug
 17329 | Lair:5   | Found a viscous altar of Jiyva.
 17329 | Lair:5   | Found a staircase to the Slime Pits.
 17375 | Lair:5   | Reached XP level 14. HP: 91/108 MP: 26/26
 17464 | Lair:5   | Got an ichor-stained chain mail
 17475 | Lair:5   | Identified the +5 chain mail "Cievush" {SInv} (You found it on level 5 of the Lair of Beasts)
 18307 | Lair:6   | Entered Level 6 of the Lair of Beasts
 18521 | Lair:6   | Reached skill level 10 in Armour
 19750 | Lair:6   | Noticed a dire elephant
 19750 | Lair:6   | Noticed a dire elephant
 19771 | Lair:6   | Slain by a dire elephant

Vault maps used:
D:1:      kilobyte_arrival_exit_the_forest
D:2:      grunt_temple_overflow_open, uniq_terence
D:3:      lemuel_crystal_altar, kennysheep_doodads
D:4:      ashenzari_conservatory_becter, first_ration
D:5:      nicolae_overflow_crystal_walls, kennysheep_mini_moat,
          minmay_temple_entry_purple_smoke
D:6:      lemuel_coloured_pillars_altar
D:7:      overflow_temple_1_default, basic_altar, the_bakery, kennysheep_dice
D:8:      fedhas_bush_and_centaur_altar
D:9:      kennysheep_little_box, trog_eyes_of_draining,
          due_lair_maze_entry_diamond, kennysheep_orc_monster_closet_entryway,
          uniq_joseph, uniq_pikel, uniq_erica, uniq_psyche
Temple:   nicolae_temple_x_marks_the_god
Lair:1:   minmay_holes, grunt_forest_small_clearing_treed, uniq_gastronok
Lair:3:   minmay_shoals_entry_hut, gammafunk_lair_bear_cave, grunt_megastairs_4,
          uniq_nergalle
Lair:4:   dummy_spider_entry, grunt_megastairs_2, serial_bayou_shore_a,
          uniq_urug
Lair:5:   minmay_lair_venomous_thicket, slime_altar_1
Lair:6:   due_jungle_book, minmay_lair_oklob_chamber, grunt_megastairs_1

Skill      XL: |  1  2  3  4  5  6  7  8  9 10 11 12 13 14 |
---------------+-------------------------------------------+-----
Axes           | 11 12 13 | 13.3
Short Blades   | 1 2 3 4 5 6 7 8 9 |  9.1
Long Blades    | 1 2 3 4 5 6 7 8 9 |  9.1
Maces & Flails | 1 2 3 4 5 6 7 8 9 |  9.1
Polearms       | 1 2 3 4 5 6 7 8 9 |  9.1
Staves         | 1 2 3 4 5 6 7 8 9 |  9.1
Slings         | 1 2 3 4 5 6 7 8 9 |  9.1
Bows           | 1 2 3 4 5 6 7 8 9 |  9.1
Crossbows      | 1 2 3 4 5 6 7 8 9 |  9.1
Throwing       | 1 2 3 4 5 6 7 8 9 |  9.1
Dodging        | 1 2 3 4 5 6 7 8 9 |  9.1
Unarmed Combat | 1 2 3 4 5 6 7 8 9 |  9.1
Spellcasting   | 1 2 3 4 5 6 7 8 9 |  9.1
Invocations    | 1 2 3 4 5 6 7 8 9 |  9.9
Evocations     | 1 2 3 4 5 6 7 8 9 |  9.1
Conjurations   | 1 2 3 4 5 6 7 |  7.6
Hexes          | 1 2 3 4 5 6 7 |  7.6
Charms         | 1 2 3 4 5 6 7 |  7.6
Summonings     | 1 2 3 4 5 6 7 |  7.6
Necromancy     | 1 2 3 4 5 6 7 |  7.6
Translocations | 1 2 3 4 5 6 7 |  7.6
Transmutations | 1 2 3 4 5 6 7 |  7.6
Fire Magic     | 1 2 3 4 5 6 7 |  7.6
Ice Magic      | 1 2 3 4 5 6 7 |  7.6
Air Magic      | 1 2 3 4 5 6 7 |  7.6
Earth Magic    | 1 2 3 4 5 6 7 |  7.6
Poison Magic   | 1 2 3 4 5 6 7 |  7.6
Fighting       | 3 4 5 6 7 8 9 |  9.5
Shields        | 3 4 5 6 7 8 9 |  9.5
Stealth        | 3 4 5 6 7 8 9 |  9.4
Armour         | 5 6 7 8 9 10 | 10.2

Action                   |  1- 3 |  4- 6 |  7- 9 | 10-12 | 13-15 || total
-------------------------+-------+-------+-------+-------+-------++-------
Melee: Hand axe          |    71 |   167 |   186 |       |       ||   424
       Bite              |    13 |    20 |    29 |    93 |    88 ||   243
       Punch             |       |     2 |     4 |       |       ||     6
       Battleaxe         |       |       |   100 |   153 |       ||   253
       Broad axe         |       |       |       |   371 |   513 ||   884
Invok: Potion Petition   |       |       |       |     1 |       ||     1
       Call Merchant     |       |       |       |     1 |       ||     1
Evoke: Wand              |       |       |       |     1 |     1 ||     2
  Use: Scroll            |     3 |     5 |    10 |     7 |     4 ||    29
       Potion            |       |     2 |     6 |     8 |    10 ||    26
 Stab: Sleeping          |     1 |     6 |    13 |     5 |       ||    25
       Distracted        |       |       |       |     4 |     6 ||    10
       Invisible         |       |       |       |     2 |       ||     2
  Eat: Chunk             |       |     7 |     6 |       |       ||    13
       Ration            |       |       |     4 |     6 |     7 ||    17
Armor: Robe              |    14 |       |       |       |       ||    14
       Leather armour    |    11 |    27 |    85 |    31 |       ||   154
       Skin              |       |       |    41 |       |       ||    41
       Plate armour      |       |       |       |   213 |   296 ||   509
       Troll leather arm |       |       |       |     7 |       ||     7
Dodge: Dodged            |    22 |    69 |   148 |   263 |   194 ||   696
Block: Shield            |       |       |       |   183 |   309 ||   492

Table legend:
 A = Spawn XP
 B = Non-spawn XP
 C = Spawn XP percentage of total XP
 D = Spawn monster count
 E = Non-spawn monster count
 F = Spawn count percentage of total count
 G = Total turns spent on level
                    A         B        C        D         E        F      G
               +---------+---------+-------+---------+---------+-------+---------
         Total |       0 |   70957 |   0.0 |       0 |     439 |   0.0 | 19771
               +---------+---------+-------+---------+---------+-------+---------
           D:1 |       0 |      46 |   0.0 |       0 |      27 |   0.0 |  1034
           D:2 |       0 |     210 |   0.0 |       0 |      21 |   0.0 |  1027
           D:3 |       0 |      95 |   0.0 |       0 |      20 |   0.0 |   667
           D:4 |       0 |     537 |   0.0 |       0 |      20 |   0.0 |  1000
           D:5 |       0 |     635 |   0.0 |       0 |      25 |   0.0 |  1164
           D:6 |       0 |     678 |   0.0 |       0 |      13 |   0.0 |   865
           D:7 |       0 |     970 |   0.0 |       0 |      19 |   0.0 |  1133
           D:8 |       0 |    2847 |   0.0 |       0 |      35 |   0.0 |  1376
           D:9 |       0 |    6107 |   0.0 |       0 |      47 |   0.0 |  1236
          D:10 |       0 |    6337 |   0.0 |       0 |      35 |   0.0 |  1533
          D:11 |       0 |    6263 |   0.0 |       0 |      34 |   0.0 |  1292
        Lair:1 |       0 |    4660 |   0.0 |       0 |       9 |   0.0 |   917
        Lair:2 |       0 |    4546 |   0.0 |       0 |      14 |   0.0 |  1182
        Lair:3 |       0 |    9218 |   0.0 |       0 |      27 |   0.0 |  1555
        Lair:4 |       0 |   11021 |   0.0 |       0 |      37 |   0.0 |  1339
        Lair:5 |       0 |    3679 |   0.0 |       0 |      15 |   0.0 |   978
        Lair:6 |       0 |   13108 |   0.0 |       0 |      41 |   0.0 |  1464
               +---------+---------+-------+---------+---------+-------+---------
